 Dungeon Crawl Stone Soup version 0.18-b1-22-ge198996 (webtiles) character file.

29 Chiseanne the Magician (level 3, 24/24 HPs)
             Began as a Demonspawn Wizard on May 4, 2016.
             Quit the game on level 1 of the Dungeon.
             The game lasted 00:01:59 (1048 turns).

Chiseanne the Magician (Demonspawn Wizard)          Turns: 1048, Time: 00:02:00

Health: 24/24      AC:  3    Str:  7    XL:     3   Next: 1%
Magic:  2/8        EV: 12    Int: 20    God:
Gold:   29         SH:  0    Dex: 11    Spells: 3 memorised, 4 levels left

rFire  . . .     SeeInvis .     f - +0 hand axe
rCold  . . .     Gourm    .     a - +0 robe
rNeg   . . .     Faith    .     (no shield)
rPois  .         Spirit   .     m - +0 helmet
rElec  .         Dismiss  .     (no cloak)
rCorr  .         Reflect  .     (no gloves)
SustAt .         Harm     .     (no boots)
MR     .....                    (no amulet)
Stlth  +.........               (no ring)
                                (no ring)

@: not resistant to hostile enchantments, very unstealthy
A: hooves 1, powered by death 1
a: no special abilities


You were on level 1 of the Dungeon.
You were not hungry.

You visited 1 branch of the dungeon, and saw 1 of its levels.

You collected 29 gold pieces.

Inventory:

Hand Weapons
 f - a +0 hand axe (weapon)
 l - a +1 dagger of freezing
Missiles
 i - 62 stones (quivered)
 n - 22 arrows
 o - 8 javelins
Armour
 a - a +0 robe (worn)
 m - a +0 helmet (worn)
Scrolls
 b - 2 scrolls of remove curse {unknown}
 h - a scroll of fog {unknown}
Potions
 e - 2 potions of curing {unknown}
 g - a potion of flight {unknown}
 k - a potion of brilliance
Books
 c - a book of Minor Magic

   Spells                             Type                      Level
   a - Magic Dart                     Conjuration                  1
   b - Blink                          Translocation                2
   c - Call Imp                       Summoning                    2
   d - Repel Missiles                 Charms/Air                   2
   e - Slow                           Hexes                        2
   f - Conjure Flame                  Conjuration/Fire             3
   g - Mephitic Cloud                 Conjuration/Poison/Air       3
Comestibles
 d - a bread ration
 j - 4 meat rations


   Skills:
 - Level 1.7 Dodging
 - Level 1.7 Stealth
 * Level 3.5 Spellcasting
 * Level 2.0 Conjurations
   Level 1.0 Summonings
 - Level 0.8 Translocations


You had 4 spell levels left.
You knew the following spells:

 Your Spells              Type           Power        Failure   Level  Hunger
a - Magic Dart            Conj           ##..         10%         1    None
b - Blink                 Tloc           N/A          17%         2    ##.....
c - Repel Missiles        Chrm/Air       #.....       24%         2    ##.....


Dungeon Overview and Level Annotations

Branches:
Dungeon (1/15)

Altars:


Innate Abilities, Weirdness & Mutations

You have large cloven feet.
You regenerate a little health from kills.


Message History

Confirm with . or Enter, or press ? or * to list all spells.
Aiming: Magic Dart
Press: ? - help, Shift-Dir - straight line, f/p - jackal
Aim: a jackal (heavily wounded)
The magic dart hits the jackal.
The jackal is almost dead.
The jackal misses you. The jackal barely misses you.
Casting: Magic Dart
Confirm with . or Enter, or press ? or * to list all spells.
Aiming: Magic Dart
Press: ? - help, Shift-Dir - straight line, f/p - jackal
Aim: a jackal (almost dead)
The magic dart hits the jackal.
You kill the jackal!
You have reached level 3!
Your experience leads to an increase in your attributes!
Increase (S)trength, (I)ntelligence, or (D)exterity?
You feel clever.
Your demonic ancestry asserts itself...
Your feet thicken and deform.
Are you sure you want to abandon this character and quit the game? (Confirm with "yes".)

......#
########.....##...#..#
#####.#
#..#####...#### #÷##
#......#.....# #..#
#.####.#.###.#
######.##########.#
#.#...#.#
...............##)#
#.#####.##
...............##.#
#........#
##############....#
########## ##.......##
#..@.#
##......†..###....#
#...........##....#
....†.......).#...#
#...........##....#
##.........###....#
##.......## #....#
##############....#
......<........#..#


There were no monsters in sight!

Vanquished Creatures
  A dart slug (D:1)
  2 giant cockroaches (D:1)
  3 goblins (D:1)
  4 jackals (D:1)
  A ball python (D:1)
  A bat (D:1)
  3 kobolds (D:1)
  15 rats (D:1)
30 creatures vanquished.

Notes
Turn   | Place    | Note
--------------------------------------------------------------
     0 | D:1      | Chiseanne the Demonspawn Wizard began the quest for the Orb.
     0 | D:1      | Reached XP level 1. HP: 13/13 MP: 4/4
    75 | D:1      | Gained mutation: You regenerate a little health from kills. [demonic ancestry]
    75 | D:1      | Reached XP level 2. HP: 3/19 MP: 0/6
   418 | D:1      | Learned a level 2 spell: Blink
   421 | D:1      | Learned a level 2 spell: Repel Missiles
  1047 | D:1      | Gained mutation: You have large cloven feet. [demonic ancestry]
  1047 | D:1      | Reached XP level 3. HP: 24/24 MP: 2/8
  1048 | D:1      | Quit the game

Skill      XL: |  1  2 |
---------------+-------+-----
Conjurations   | 2 |  2.0
Dodging        | |  1.7
Stealth        | |  1.7
Spellcasting   | |  3.5
Summonings     | |  1.0
Translocations | |  0.8

Action                   || total
-------------------------++-------
Melee: Hand axe          ||    37
 Cast: Magic Dart        ||    42
       Repel Missiles    ||     1
  Use: Potion            ||     1
Armor: Robe              ||    14
Dodge: Dodged            ||    33
       Deflected         ||     1
